 Dungeon Crawl Stone Soup version 0.22-a0-223-g0f5d773 (webtiles) character file.

106963 Amnesiac the Markscentaur (level 15, -2/135 HPs)
             Began as a Centaur Hunter on Feb 18, 2018.
             Was the Champion of Okawaru.
             Slain by a dire elephant (11 damage)
             ... called by a spriggan druid
             ... on level 2 of the Depths.
             The game lasted 00:44:56 (22653 turns).

Amnesiac the Markscentaur (Centaur Hunter)         Turns: 22653, Time: 00:44:56

Health: -2/135     AC: 21    Str: 31    XL:     15   Next: 99%
Magic:  22/22      EV: 13    Int:  5    God:    Okawaru [******]
Gold:   1242       SH:  0    Dex: 15    Spells: 14/14 levels left

rFire    + . .     SeeInvis +   a - +2 longbow of the Moon {venom, rPois MR+ Str+7 Dex+4 Stlth-}
rCold    + + .     Gourm    .   (shield currently unavailable)
rNeg     . . .     Faith    .   Z - +1 scale mail {rC+}
rPois    +         Spirit   .   R - +0 hat {MR+}
rElec    +         Reflect  .   P - scarf {repulsion}
rCorr    .         Harm     .   K - +2 pair of gloves {archery}
MR       +++..                  e - +2 centaur barding of Onasit {rElec rC+ Str+4 Int-5}
Stlth    ..........             Y - amulet of the acrobat
HPRegen  0.32/turn              L - ring of see invisible
MPRegen  0.18/turn              y - ring of protection from fire

@: repel missiles, very quick
A: large, hooves 3, blink, deformed body, speed 2, mutation resistance 1,
electricity resistance, tough skin 3
a: Blink, Heroism, Finesse, Renounce Religion


You were on level 2 of the Depths.
You worshipped Okawaru.
Okawaru was exalted by your worship.
You were not hungry.

You visited 4 branches of the dungeon, and saw 19 of its levels.
You also visited: Labyrinth.

You collected 1242 gold pieces.

Inventory:

Hand Weapons
 a - the +2 longbow of the Moon (weapon) {venom, rPois MR+ Str+7 Dex+4 Stlth-}
   (Okawaru gifted it to you on level 9 of the Dungeon)

   It poisons the ammo it fires.
   It affects your strength (+7).
   It affects your dexterity (+4).
   It protects you from poison.
   It affects your resistance to hostile enchantments.
   It makes you less stealthy.
 b - a +0 blowgun
 v - a +0 scimitar of flaming
 W - a +1 longbow of flaming
Missiles
 d - 554 arrows (quivered)
 i - 68 poisoned needles
 l - 4 curare-tipped needles
 T - 4 needles of paralysis
Armour
 e - the +2 centaur barding of Onasit (worn) {rElec rC+ Str+4 Int-5}
   (Okawaru gifted it to you on level 2 of the Depths)

   It affects your strength (+4).
   It affects your intelligence (-5).
   It protects you from cold.
   It insulates you from electricity.
 n - the +2 centaur barding "Ziemith" {Regen+ Dex+4}
   (Okawaru gifted it to you on level 1 of the Depths)

   It affects your dexterity (+4).
   It increases your rate of regeneration.
 K - a +2 pair of gloves of archery (worn)
 P - a scarf of repulsion (worn)
 R - a +0 hat of magic resistance (worn)
 Z - a +1 scale mail of cold resistance (worn)
Jewellery
 s - an uncursed ring of teleportation
 t - a +3 ring of strength {unknown}
 u - an uncursed ring of flight
 y - a ring of protection from fire (right hand)
 L - a ring of see invisible (left hand)
 Q - an uncursed ring of protection from cold
 Y - an amulet of the acrobat (around neck)
Wands
 h - a wand of random effects (82)
 r - a wand of paralysis (19)
 x - a wand of iceblast (29)
 H - a wand of flame (108)
 O - a wand of acid (15)
 U - a wand of digging (15)
 X - a wand of scattershot (7)
Scrolls
 c - a scroll of fog {!r}
 m - 6 scrolls of remove curse {!r}
 o - a scroll of fear {!r}
 q - 7 scrolls of magic mapping {!r}
 C - 7 scrolls of teleportation {!r}
 G - 2 scrolls of amnesia {!r}
 J - 3 scrolls of enchant armour {!r}
 N - a scroll of enchant weapon {!r}
 S - a scroll of brand weapon {!r}
Potions
 g - 2 potions of flight {!q}
 j - 6 potions of haste {!q}
 k - 2 potions of mutation {!q}
 p - 2 potions of brilliance {!q}
 w - a potion of magic {!q}
 z - 2 potions of invisibility {!q}
 A - 2 potions of resistance {!q}
 B - 8 potions of heal wounds {!q}
 D - 5 potions of curing {!q}
 E - 2 potions of cancellation {!q}
 F - 4 potions of ambrosia {!q}
 I - a potion of might {!q}
 M - 2 potions of berserk rage {!q}
Comestibles
 f - 43 rations


   Skills:
 + Level 13.0 Fighting
 - Level 20.0 Bows
 * Level 10.3 Armour
 * Level 10.3 Dodging
 - Level 0.4 Stealth
 - Level 10.0 Invocations


You had 14 spell levels left.
You didn't know any spells.

Dungeon Overview and Level Annotations

Branches:
Dungeon (15/15)            Temple (1/1) D:4            Lair (0/6) D:9
    Orc (0/2) D:10         Vaults (0/5) D:13         Depths (2/5) D:15
   Hell (1/1)
    Dis: Hell:1         Geh: Hell:1         Coc: Hell:1         Tar: Hell:1

Altars:
Ashenzari
Cheibriados
Dithmenos
Elyvilon
Fedhas
Gozag
Hepliaklqana
Kikubaaqudgha
Makhleb
Nemelex Xobeh
Okawaru
Qazlal
Ru
Sif Muna
Trog
Uskayaw
Vehumet
Wu Jian
Xom
Yredelemnul
Zin
The Shining One

Portals:
Hell: Depths:1 Depths:2
Pandemonium: Depths:2

Annotations:
Hell Geryon


Innate Abilities, Weirdness & Mutations

You have hooves in place of feet.
Armour fits poorly on your strangely shaped body.
You cover ground very quickly.
You have extremely tough skin. (AC +3)
You can translocate small distances at will.
You are somewhat resistant to further mutation.
You are resistant to electric shocks. (rElec)


Message History

Firing (i - inventory)
d - 562 arrows (quivered)
Press: ? - help, Shift-Dir - straight line, f - dire elephant
Aim: a dire elephant (unusually strong)
You shoot an arrow. The arrow hits the dire elephant!!
The dire elephant is lightly wounded.
Firing (i - inventory)
d - 561 arrows (quivered)
Press: ? - help, Shift-Dir - straight line, f/p - dire elephant
Aim: a dire elephant (lightly wounded, unusually strong)
You shoot an arrow. The arrow hits the dire elephant.
The dire elephant is lightly wounded.
Firing (i - inventory)
d - 560 arrows (quivered)
Press: ? - help, Shift-Dir - straight line, f/p - dire elephant
Aim: a dire elephant (water, lightly wounded, unusually strong)
You shoot an arrow. The arrow hits the dire elephant!
The dire elephant is poisoned.
The dire elephant is moderately wounded.
You hear a splash.
Firing (i - inventory)
d - 559 arrows (quivered)
Press: ? - help, Shift-Dir - straight line, f/p - dire elephant
Aim: a dire elephant (water, moderately wounded, unusually strong, poisoned)
You shoot an arrow. The arrow hits the dire elephant!
The dire elephant looks as sick as possible!
The dire elephant is heavily wounded.
You hear a splash.
The dire elephant tramples you!!
You stumble backwards!
Splash!
Firing (i - inventory)
d - 558 arrows (quivered)
Press: ? - help, Shift-Dir - straight line, f/p - dire elephant
Aim: a dire elephant (heavily wounded, unusually strong, poisoned)
You shoot an arrow. The arrow hits the dire elephant!!
The dire elephant is severely wounded.
You hear a splash.
The dire elephant tramples you.
You stumble backwards!
Firing (i - inventory)
d - 557 arrows (quivered)
Press: ? - help, Shift-Dir - straight line, f/p - dire elephant
Aim: a dire elephant (severely wounded, unusually strong, poisoned)
You shoot an arrow. The arrow hits the dire elephant.
The dire elephant looks as sick as possible!
The dire elephant is severely wounded.
You hear a splash.
The spriggan druid mumbles some strange words.
The forest starts to sway and rumble!
Firing (i - inventory)
d - 556 arrows (quivered)
Press: ? - help, Shift-Dir - straight line, f/p - dire elephant
Aim: a dire elephant (severely wounded, unusually strong, poisoned)
You shoot an arrow. The arrow hits the dire elephant!
The dire elephant is almost dead.
You hear a splash.
The dire elephant tramples you!!
* * * LOW HITPOINT WARNING * * *
You stumble backwards!
Firing (i - inventory)
d - 555 arrows (quivered)
Press: ? - help, Shift-Dir - straight line, f/p - dire elephant
Aim: a dire elephant (almost dead, unusually strong, poisoned)
You shoot an arrow. The arrow hits the dire elephant!
The dire elephant looks as sick as possible!
The dire elephant is almost dead.
Branches wave dangerously above you. A root smacks you from below.
* * * LOW HITPOINT WARNING * * *
The dire elephant tramples you!!
* * * LOW HITPOINT WARNING * * *
You hold your ground!
The dire elephant trunk-slaps you!
You die...

♣♣..♣ ♣. ♣♣.♣ ( ♣♣♣.♣ ♣Y ♣♣♣...♣
♣(♣♣♣ ...♣♣♣♣ ♣ii♣ ♣♣♣♣ ♣.♣♣ ♣
♣♣♣♣♣(♣♣♣♣♣♣♣
♣♣♣♣♣♣♣♣..)(.......♣♣♣
♣♣♣♣♣♣♣.....@Yi(≈≈≈≈≈≈≈♣♣♣.♣♣
♣♣♣♣......♣♣♣♣♣.≈≈≈≈≈≈≈≈≈≈≈≈♣♣.♣
♣♣.[..♣♣♣♣♣♣ ♣.≈≈≈≈≈≈≈≈≈≈≈≈≈≈♣.
..♣♣♣♣♣ ♣.≈≈≈≈≈≈≈≈≈≈≈≈≈≈≈♣ ♣♣♣
♣♣.≈≈≈≈≈≈≈≈≈≈≈≈≈≈≈≈ ♣♣
♣.♣♣≈≈≈≈≈≈≈≈≈≈≈≈≈≈♣ .♣♣
♣.♣♣≈≈≈≈≈≈≈≈≈≈≈≈≈≈♣ ..♣♣
♣.♣♣♣♣≈≈≈≈≈≈≈≈≈≈≈♣. ...♣
♣.♣♣♣≈≈≈≈≈≈≈≈.....♣


You could see a dire elephant and a spriggan druid.

Vanquished Creatures
  A lich (Depths:1)
  Kirke (D:15)
  A frost giant (D:15)
  Aizul (Depths:2)
  An emperor scorpion (Depths:2)
  A balrug (Depths:1)
  6 caustic shrike skeletons (Depths:2)
  3 very ugly things (Depths:1)
  A stone giant (Depths:1)
  Nessos (D:15)
  A minotaur (Lab)
  A blizzard demon (Depths:1)
  A yaktaur captain (Depths:1)
  2 rakshasas
  3 ice dragons (Depths:1)
  A fire dragon (Depths:1)
  2 spriggan air magi (Depths:2)
  9 centaur warriors
  2 dancing weapons (D:13)
  3 death yaks (Depths:2)
  A deep troll shaman (Depths:1)
  10 two-headed ogres
  A deep troll earth mage (Depths:1)
  3 tengu warriors (Depths:2)
  5 spriggan berserkers (Depths:2)
  22 spriggans (Depths:2)
  7 sun demons
  3 spriggan druids (Depths:2)
  4 deep trolls (Depths:1)
  A wizard (D:14)
  An unseen horror (D:9)
  An orange crystal statue (Depths:1)
  3 wolf spider zombies
  An orc sorcerer (D:9)
  11 ugly things
  7 manticores
  4 deep elf magi
  Joseph (D:8)
  3 cyclopes
  A centaur zombie (D:12)
  4 gargoyles
  A spiny frog (shapeshifter) (D:14)
  2 kobold demonologists
  An efreet (D:9)
  A yaktaur (shapeshifter) (Depths:1)
  5 yaktaurs
  5 ice devils
  A komodo dragon (D:14)
  4 tengu conjurers
  2 trolls
  A merfolk (shapeshifter) (Depths:1)
  14 slime creatures
  3 meliai (D:13)
  10 hornets
  3 hippogriffs
  3 wyverns
  A vampire (D:9)
  3 wraiths
  2 shadows
  31 yaks
  4 hogs (D:15)
  2 humans (D:15)
  A basilisk (D:15)
  5 hungry ghosts
  7 vampire mosquitoes
  Edmund (D:6)
  A water moccasin (D:10)
  2 acid dragons
  Duvessa (D:4)
  A soldier ant (D:8)
  5 ice beasts
  6 sky beasts
  6 phantoms
  8 orc warriors
  9 ogres
  2 black bears (D:9)
  3 necrophages
  18 centaurs
  4 boggarts (Depths:1)
  17 big kobolds
  20 bullfrogs
  A wyvern zombie (D:6)
  Dowan (D:4)
  3 scorpions
  32 killer bees
  12 crimson imps
  3 howler monkeys
  2 quasits
  7 jellies
  3 centaur skeletons
  10 orc priests
  8 hounds
  4 bullfrog skeletons
  Terence (D:3)
  4 iguanas
  12 orc wizards
  9 worker ants
  A hound skeleton (D:6)
  A worker ant zombie (D:10)
  A howler monkey zombie (D:6)
  Robin (D:4)
  10 gnolls
  2 howler monkey skeletons
  16 adders
  5 shadow imps
  6 white imps (Depths:1)
  2 oozes
  2 adder zombies
  2 adder skeletons
  3 worms
  4 leopard geckos
  59 orcs
  7 giant cockroaches
  20 goblins
  16 hobgoblins
  22 jackals
  18 kobolds
  4 quokkas
  2 ball pythons
  3 bats
  5 frilled lizards
  A leopard gecko skeleton (D:7)
  A leopard gecko zombie (D:7)
  A quokka skeleton (D:7)
  4 rats
683 creatures vanquished.

Vanquished Creatures (others)
  A white imp (Depths:1)
  11 plants
12 creatures vanquished.

Grand Total: 695 creatures vanquished

Notes
Turn   | Place    | Note
-------+----------+-------------------------------------------
     0 | D:1      | Amnesiac the Centaur Hunter began the quest for the Orb.
     0 | D:1      | Reached XP level 1. HP: 17/17 MP: 1/1
   108 | D:1      | Reached XP level 2. HP: 17/24 MP: 2/2
   281 | D:1      | Reached skill level 6 in Bows
   624 | D:1      | Reached XP level 3. HP: 9/30 MP: 3/3
  1501 | D:4      | Noticed Edmund
  1528 | D:4      | Reached skill level 7 in Bows
  1528 | D:4      | Reached XP level 4. HP: 33/38 MP: 4/4
  1739 | D:3      | Reached XP level 5. HP: 6/45 MP: 5/5
  1754 | D:3      | HP: 2/45 [poisoned by an adder]
  2189 | D:3      | Reached skill level 8 in Bows
  2386 | D:3      | Noticed Terence
  2403 | D:3      | Killed Terence
  2663 | D:4      | Reached XP level 6. HP: 31/52 MP: 6/6
  2806 | D:4      | Noticed Robin
  2835 | D:3      | Reached skill level 9 in Bows
  2891 | D:4      | Killed Robin
  2940 | D:4      | Reached XP level 7. HP: 23/60 MP: 7/7
  2981 | D:4      | Found a sparkling altar of Nemelex Xobeh.
  3115 | D:4      | Found Igaw Sajad's Jewellery Emporium.
  3201 | D:4      | Found a white marble altar of Elyvilon.
  3201 | D:4      | Found a glowing silver altar of Zin.
  3272 | D:4      | Found a glowing golden altar of the Shining One.
  3673 | D:4      | Noticed Duvessa
  3673 | D:4      | Noticed Dowan
  3698 | D:4      | Killed Duvessa
  3698 | D:4      | Reached skill level 5 in Fighting
  3698 | D:4      | Reached skill level 10 in Bows
  3711 | D:4      | Killed Dowan
  3763 | D:4      | Found a staircase to the Ecumenical Temple.
  3881 | Temple   | Entered the Ecumenical Temple
  4297 | D:2      | Found an iron altar of Okawaru.
  4297 | D:2      | Found a bloodstained altar of Trog.
  4318 | D:2      | Became a worshipper of Warmaster Okawaru
  4796 | D:5      | Entered Level 5 of the Dungeon
  5108 | D:5      | Reached skill level 11 in Bows
  5215 | D:5      | Reached XP level 8. HP: 48/70 MP: 8/8
  5436 | D:5      | Reached skill level 1 in Invocations
  5538 | D:5      | Found a burning altar of Makhleb.
  5541 | D:5      | Found an opulent altar of Gozag.
  5547 | D:5      | Found a shimmering altar of Xom.
  5549 | D:5      | Found a hazy altar of Hepliaklqana.
  5551 | D:5      | Found a basalt altar of Yredelemnul.
  5603 | D:5      | Reached * piety under Okawaru
  5785 | D:5      | Reached skill level 12 in Bows
  6164 | D:6      | Reached XP level 9. HP: 44/78 MP: 11/11
  6492 | D:6      | Reached ** piety under Okawaru
  6661 | D:6      | Killed Edmund
  6661 | D:6      | Reached skill level 13 in Bows
  7159 | D:7      | Found a radiant altar of Vehumet.
  7269 | D:7      | Found a stormy altar of Qazlal.
  7455 | D:7      | Reached skill level 5 in Invocations
  7685 | D:7      | Reached *** piety under Okawaru
  8017 | D:8      | Received a gift from Okawaru
  8025 | D:8      | Reached skill level 14 in Bows
  8191 | D:8      | Reached XP level 10. HP: 48/89 MP: 14/14
  8983 | D:8      | Paralysed by a hornet for 2 turns
  9435 | D:8      | Noticed a two-headed ogre
  9478 | D:8      | Killed a two-headed ogre
  9478 | D:8      | Reached **** piety under Okawaru
  9734 | D:8      | Received a gift from Okawaru
  9988 | D:8      | Noticed Joseph
 10007 | D:8      | Killed Joseph
 10543 | D:9      | Noticed a deep elf mage
 10562 | D:9      | Noticed an orange demon
 10571 | D:9      | Killed a deep elf mage
 10724 | D:9      | Reached ***** piety under Okawaru
 10761 | D:9      | Found a sacrificial altar of Ru.
 10949 | D:9      | Reached skill level 10 in Fighting
 10951 | D:9      | Received a gift from Okawaru
 10952 | D:9      | Got a jewelled longbow {god gift}
 10953 | D:9      | Identified the +2 longbow of the Moon {venom, rPois MR+ Str+7 Dex+4 Stlth-} (Okawaru gifted it to you on level 9 of the Dungeon)
 10961 | D:9      | Noticed an orc sorcerer
 10964 | D:9      | Killed an orc sorcerer
 10964 | D:9      | Reached XP level 11. HP: 86/99 MP: 18/18
 11010 | D:9      | Noticed a two-headed ogre
 11025 | D:9      | Killed a two-headed ogre
 11025 | D:9      | Reached skill level 10 in Invocations
 11168 | D:9      | Reached skill level 15 in Bows
 11195 | D:9      | Noticed a deep elf mage
 11197 | D:9      | Found a staircase to the Lair.
 11212 | D:9      | Killed a deep elf mage
 11351 | D:9      | Reached skill level 16 in Bows
 11352 | D:9      | Noticed a two-headed ogre
 11357 | D:9      | Received a gift from Okawaru
 11364 | D:9      | Killed a two-headed ogre
 11571 | D:9      | Killed an unseen horror
 11631 | D:9      | Got a shimmering rapier
 11660 | D:9      | Identified Sif Muna's Almanac of Earth
 11684 | D:10     | Entered Level 10 of the Dungeon
 11684 | D:10     | Found the fabulously ornate robe
 11690 | D:10     | Got a fabulously ornate robe
 11701 | D:10     | Identified the cursed -5 robe of Misfortune {-Cast *Contam *Tele *Drain EV-5 Stlth-- *Curse} (You found it on level 10 of the Dungeon)
 11761 | D:10     | Gained mutation: You are dopey. (Int -2) [mutagenic glow]
 11935 | D:10     | Noticed a two-headed ogre
 11946 | D:10     | Killed a two-headed ogre
 11946 | D:10     | Reached skill level 17 in Bows
 12585 | D:10     | Reached XP level 12. HP: 94/106 MP: 19/19
 12616 | D:10     | Reached skill level 18 in Bows
 12797 | D:10     | Found a staircase to the Orcish Mines.
 13221 | D:11     | Noticed a two-headed ogre
 13225 | D:11     | Killed a two-headed ogre
 13298 | D:11     | Reached skill level 19 in Bows
 13541 | D:11     | Received a gift from Okawaru
 13650 | D:11     | Noticed a two-headed ogre
 13653 | D:11     | Killed a two-headed ogre
 13864 | D:12     | Reached ****** piety under Okawaru
 13952 | D:12     | Reached skill level 20 in Bows
 14002 | D:12     | Reached skill level 1 in Armour
 14048 | D:12     | Noticed a two-headed ogre
 14052 | D:12     | Killed a two-headed ogre
 14118 | D:12     | Found a labyrinth entrance.
 14140 | Lab      | Entered a labyrinth
 14428 | Lab      | Noticed a minotaur
 14826 | Lab      | Killed a minotaur
 14890 | Lab      | Identified the Compendium of Ashen Heat
 14977 | D:12     | Identified the +8 rapier of the Orb {venom, *Contam Str+6 Int+4 Stlth+} (You found it on level 9 of the Dungeon)
 14999 | D:12     | Gained mutation: Potions are less effective at restoring your health. [mutagenic glow]
 15000 | D:12     | Lost mutation: You are dopey. (Int -2) [potion of mutation]
 15000 | D:12     | Gained mutation: Your muscles are strong. (Str +2) [potion of mutation]
 15000 | D:12     | Gained mutation: You are resistant to electric shocks. (rElec) [potion of mutation]
 15204 | D:12     | Noticed a two-headed ogre
 15207 | D:12     | Killed a two-headed ogre
 15882 | D:13     | Noticed a centaur warrior
 15889 | D:13     | Killed a centaur warrior
 15940 | D:13     | Reached XP level 13. HP: 81/113 MP: 20/20
 15987 | D:13     | Received a gift from Okawaru
 16020 | D:13     | Found a gate to the Vaults.
 17067 | D:14     | Reached skill level 5 in Armour
 17083 | D:14     | Reached skill level 5 in Dodging
 17974 | D:15     | Entered Level 15 of the Dungeon
 17986 | D:15     | Received a gift from Okawaru
 18008 | D:15     | Noticed Nessos
 18022 | D:15     | Killed Nessos
 18022 | D:15     | Received a gift from Okawaru
 18171 | D:15     | Received a gift from Okawaru
 18347 | D:15     | Found a snail-covered altar of Cheibriados.
 18381 | D:15     | Reached XP level 14. HP: 118/124 MP: 21/21
 18905 | D:15     | Noticed Kirke
 18915 | D:15     | Noticed a sphinx
 18920 | D:15     | Killed Kirke
 19102 | D:15     | Found a staircase to the Depths.
 19102 | D:15     | Noticed a frost giant
 19143 | D:15     | Killed a frost giant
 19363 | Depths:1 | Entered Level 1 of the Depths
 19363 | Depths:1 | Found a gateway to Hell.
 19540 | Depths:1 | Received a gift from Okawaru
 19550 | Depths:1 | Received a gift from Okawaru
 19588 | Depths:1 | Noticed a lich
 19593 | Depths:1 | Killed a lich
 19593 | Depths:1 | Received a gift from Okawaru
 19623 | Depths:1 | Got an encrusted centaur barding {god gift}
 19644 | Depths:1 | Identified the +2 centaur barding "Ziemith" {Regen+ Dex+4} (Okawaru gifted it to you on level 1 of the Depths)
 19679 | Depths:1 | Noticed a balrug
 19695 | Depths:1 | Killed a balrug
 19875 | Depths:1 | Got an opalescent robe
 20177 | Depths:1 | Noticed a green very ugly thing
 20181 | Depths:1 | Noticed a green very ugly thing
 20181 | Depths:1 | Noticed a green very ugly thing
 20196 | Depths:1 | Killed a green very ugly thing
 20211 | Depths:1 | Killed a brown very ugly thing
 20230 | Depths:1 | Killed a cyan very ugly thing
 20230 | Depths:1 | Reached XP level 15. HP: 105/132 MP: 22/22
 20329 | Depths:1 | Received a gift from Okawaru
 20544 | Hell     | Entered the Vestibule of Hell
 20544 | Hell     | Noticed Geryon
 20561 | Hell     | HP: 3/133 [sun demon (6)]
 20580 | Depths:1 | Received a gift from Okawaru
 20768 | Depths:2 | Found a one-way gate leading to the halls of Pandemonium.
 20783 | Depths:2 | Received a gift from Okawaru
 20831 | Depths:2 | Identified the cursed +0 robe "Atef" {rPois Str+3 Dex-4} (You found it on level 1 of the Depths)
 21009 | Depths:2 | Got a dazzling shortbow
 21311 | Depths:2 | Received a gift from Okawaru
 21328 | Depths:2 | Noticed Aizul
 21332 | Depths:2 | Received a gift from Okawaru
 21359 | Depths:2 | Killed Aizul
 21435 | Depths:2 | Identified the cursed +3 shortbow "Ceplul" {speed, *Corrode rF+ MR++ Dex+3} (You found it on level 2 of the Depths)
 21862 | Depths:2 | Received a gift from Okawaru
 21862 | Depths:2 | Reached skill level 10 in Armour
 21865 | Depths:2 | Got a dazzling centaur barding {god gift}
 21876 | Depths:2 | Identified the +2 centaur barding of Onasit {rElec rC+ Str+4 Int-5} (Okawaru gifted it to you on level 2 of the Depths)
 21876 | Depths:2 | Lost mutation: Your muscles are strong. (Str +2) [potion of mutation]
 21876 | Depths:2 | Lost mutation: Potions are less effective at restoring your health. [potion of mutation]
 21876 | Depths:2 | Gained mutation: You can translocate small distances at will. [potion of mutation]
 21876 | Depths:2 | Gained mutation: You are somewhat resistant to further mutation. [potion of mutation]
 21891 | Depths:2 | Reached skill level 10 in Dodging
 22531 | Depths:2 | Found a bloodstained altar of Trog.
 22653 | Depths:2 | Slain by a dire elephant

Vault maps used:
D:1:      dpeg_arrival_chase, hex_tiny
D:2:      nicolae_overflow_hidden_temple
D:3:      uniq_terence
D:4:      good_gods_temple_1, nemelex_xobeh_ov_fountains_minmay, temple_hall,
          serial_shops, shop, first_ration, sigmund_army, uniq_edmund,
          uniq_robin, uniq_duvessa
D:5:      minitemple, supply_closet_lemuel, serial_bayou_pond_d
D:6:      st_stairs_11
D:7:      vehumet_altar_wand_db, nicolae_qazlal_eye_of_the_storm
D:8:      hangedman_pestilent_swarm, uniq_joseph
D:9:      minmay_the_grid_3x3, nicolae_ru_sacrificial_ziggurat, lair_entry_dummy
D:10:     orc_0_dummy, hangedman_abyss_or_decor_stabs
D:11:     special_room, roderic_roman_lattice
D:12:     lab_entry_generic, feat_on_display
D:13:     erik_vaults_1
D:14:     kennysheep_decorative_pillar
D:15:     grunt_enter_depths_snipers, serial_column_ruins, column_ruins_grid_1,
          column_ruins_open_large, column_ruins_open_tiny,
          column_ruins_open_tiny, cheibriados_altar_1, hangedman_glass_teeth,
          uniq_nessos, uniq_kirke
Temple:   jpeg_temple_island
Depths:1: hell_entry, bh_walls_and_bars, spider_trap, minivault_16,
          minmay_misc_feat_secret_circle, minmay_fire_ice_demons
Depths:2: spriggan_forest, hell_entry, pan_entry, uniq_enchantress, uniq_aizul,
          uniq_jorgrun
Lab:      labyrinth_hidden_loot, nicolae_lab_garden

Skill      XL: |  1  2  3  4  5  6  7  8  9 10 11 12 13 14 15 |
---------------+----------------------------------------------+-----
Bows           | 6 7 8 9 11 12 14 17 20 | 20.0
Fighting       | 3 4 5 6 8 10 11 12 13 | 13.0
Invocations    | 3 6 9 10 | 10.0
Armour         | 3 6 8 10 | 10.3
Dodging        | 3 6 8 10 | 10.3
Stealth        | |  0.4

Action                   |  1- 3 |  4- 6 |  7- 9 | 10-12 | 13-15 || total
-------------------------+-------+-------+-------+-------+-------++-------
Melee: Short sword       |   126 |    20 |    34 |       |       ||   180
       Kick              |    22 |     5 |     6 |       |       ||    33
       Unarmed           |       |     6 |       |       |       ||     6
       Longbow           |       |       |       |     1 |       ||     1
 Fire: Shortbow          |     8 |   183 |   273 |   278 |     4 ||   746
       Hunting sling     |       |       |   349 |       |       ||   349
       Longbow           |       |       |       |   487 |   972 ||  1459
Invok: Finesse           |       |       |       |       |     4 ||     4
       Heroism           |       |       |       |       |     2 ||     2
Evoke: Wand              |       |       |       |     7 |       ||     7
  Use: Scroll            |     4 |     9 |     8 |     4 |     9 ||    34
       Potion            |       |     1 |     2 |     2 |     2 ||     7
  Eat: Chunk             |     1 |     4 |    12 |    17 |    15 ||    49
       Ration            |       |       |       |     1 |       ||     1
Armor: Leather armour    |    76 |    26 |     4 |       |       ||   106
       Skin              |       |    10 |       |     8 |       ||    18
       Robe              |       |       |   120 |    51 |       ||   171
       Scale mail        |       |       |       |       |    98 ||    98
       Ring mail         |       |       |       |       |    21 ||    21
Dodge: Dodged            |   101 |    36 |   134 |    50 |   154 ||   475
       Deflected         |       |       |       |       |    19 ||    19
Block: Other             |       |       |    66 |    35 |       ||   101
       Reflection        |       |       |     3 |     5 |       ||     8

Table legend:
 A = Spawn XP
 B = Non-spawn XP
 C = Spawn XP percentage of total XP
 D = Spawn monster count
 E = Non-spawn monster count
 F = Spawn count percentage of total count
 G = Total turns spent on level
                    A         B        C        D         E        F      G
               +---------+---------+-------+---------+---------+-------+---------
         Total |       0 |  152805 |   0.0 |       0 |     681 |   0.0 | 22653
               +---------+---------+-------+---------+---------+-------+---------
           D:1 |       0 |      48 |   0.0 |       0 |      20 |   0.0 |   875
           D:2 |       0 |      67 |   0.0 |       0 |      20 |   0.0 |   868
           D:3 |       0 |     239 |   0.0 |       0 |      38 |   0.0 |  1638
           D:4 |       0 |     780 |   0.0 |       0 |      38 |   0.0 |  1332
           D:5 |       0 |    1052 |   0.0 |       0 |      24 |   0.0 |  1054
           D:6 |       0 |    1366 |   0.0 |       0 |      23 |   0.0 |  1296
           D:7 |       0 |    1078 |   0.0 |       0 |      33 |   0.0 |  1191
           D:8 |       0 |    3332 |   0.0 |       0 |      29 |   0.0 |  1917
           D:9 |       0 |   10426 |   0.0 |       0 |      65 |   0.0 |  1430
          D:10 |       0 |    4365 |   0.0 |       0 |      49 |   0.0 |  1340
          D:11 |       0 |    6132 |   0.0 |       0 |      48 |   0.0 |   813
          D:12 |       0 |    6470 |   0.0 |       0 |      43 |   0.0 |  1259
          D:13 |       0 |   10190 |   0.0 |       0 |      34 |   0.0 |  1118
          D:14 |       0 |    9302 |   0.0 |       0 |      34 |   0.0 |   996
          D:15 |       0 |   20983 |   0.0 |       0 |      51 |   0.0 |  1518
      Depths:1 |       0 |   34209 |   0.0 |       0 |      60 |   0.0 |  1419
      Depths:2 |       0 |   40480 |   0.0 |       0 |      69 |   0.0 |  1724
          Hell |       0 |    1147 |   0.0 |       0 |       2 |   0.0 |    18
           Lab |       0 |    1139 |   0.0 |       0 |       1 |   0.0 |   764
               +---------+---------+-------+---------+---------+-------+---------
